 Dungeon Crawl Stone Soup version 0.28-a0-309-gf6d37e6e1d (webtiles) character file.

Game seed: 1968578187097805769

186032 McIrco the Unseen (level 19, -8/128 HPs)
             Began as a Kobold Berserker on Aug 30, 2021.
             Was the Champion of Trog.
             Blown up by an orb spider (26 damage)
             ... with an orb of destruction
             ... on level 4 of the Spider Nest.
             The game lasted 01:07:26 (36726 turns).

McIrco the Unseen (Kobold Berserker)               Turns: 36726, Time: 01:07:26

Health: -8/128     AC: 44    Str: 28      XL:     19   Next: 16%
Magic:  3/19       EV: 27    Int: 17      God:    Trog [******]
Gold:   686        SH:  0    Dex: 16 (18) Spells: 18/18 levels left

rFire   + + +      SeeInvis .   b - +7 rapier of the End of Times {vorpal, Str+4 Int+7 Dex+4}
rCold   . . .      Faith    .   (shield restricted)
rNeg    + . .      Spirit   .   Z - +15 plate armour of Undesirable Species {rF++ Will+ Dex-2}
rPois   +          Reflect  .   Q - +3 helmet "Kito" {rF+ Int+3}
rElec   .          Harm     .   v - +2 ratskin cloak {*Rats rPois rN+ Str-1 Int-1 Dex+1}
rCorr   .          Rampage  .   J - +2 pair of gloves {Str+3}
Will    ++...                   j - +0 pair of boots
Stlth   ++++......              Y - amulet of the acrobat
HPRegen 0.31/turn               u - +4 ring of evasion
MPRegen 0.16/turn               F - +4 ring of evasion

@: on berserk cooldown, slowed, very slow
A: small, no large weapons, nightstalker 3
a: Renounce Religion, Berserk, Trog's Hand, Brothers in Arms


You were on level 4 of the Spider Nest.
You worshipped Trog.
Trog was exalted by your worship.
You visited 6 branches of the dungeon, and saw 29 of its levels.
You also visited: Sewer and Volcano.

You collected 2786 gold pieces.
You spent 2100 gold pieces at shops.

Inventory:

Hand Weapons
 b - the +7 rapier of the End of Times (weapon) {vorpal, Str+4 Int+7 Dex+4}
   (You found it on level 11 of the Dungeon)

   It inflicts extra damage upon your enemies.
   Str:       It affects your strength (+4).
   Int:       It affects your intelligence (+7).
   Dex:       It affects your dexterity (+4).
Armour
 j - a +0 pair of boots (worn)
 v - the +2 ratskin cloak (worn) {*Rats rPois rN+ Str-1 Int-1 Dex+1}
   (You found it on level 6 of the Dungeon)

   When the wearer is hurt, rats may emerge from it to assist them.
   Str:       It affects your strength (-1).
   Int:       It affects your intelligence (-1).
   Dex:       It affects your dexterity (+1).
   rPois:     It protects you from poison.
   rN:        It protects you from negative energy.
 J - a +2 pair of gloves of strength (worn)
 Q - the +3 helmet "Kito" (worn) {rF+ Int+3}
   (You found it on level 1 of the Spider Nest)

   Int:       It affects your intelligence (+3).
   rF:        It protects you from fire.
 Z - the +15 plate armour of Undesirable Species (worn) {rF++ Will+ Dex-2}
   (You bought it in a shop on level 2 of the Orcish Mines)

   Dex:       It affects your dexterity (-2).
   rF:        It greatly protects you from fire.
   Will:      It increases your willpower.
Jewellery
 a - a ring of willpower
 r - a ring of resist corrosion
 u - a +4 ring of evasion (left hand)
 E - a +4 ring of protection
 F - a +4 ring of evasion (right hand)
 X - a +4 ring of protection
 Y - an amulet of the acrobat (around neck)
Wands
 e - a wand of charming (22)
 w - a wand of iceblast (35)
 y - a wand of mindburst (17)
 N - a wand of flame (61)
 S - a wand of paralysis (22)
 U - a wand of acid (16)
 V - a wand of polymorph (10)
Scrolls
 c - 5 scrolls of blinking
 d - 4 scrolls of fog
 g - a scroll of summoning
 i - 8 scrolls of amnesia
 l - a scroll of acquirement
 n - a scroll of silence
 p - 8 scrolls of identify
 q - 10 scrolls of enchant weapon
 A - 2 scrolls of fear
 D - 7 scrolls of enchant armour
 K - 2 scrolls of magic mapping
 L - 2 scrolls of holy word
 M - 11 scrolls of teleportation
 P - a scroll of brand weapon
Potions
 f - 7 potions of heal wounds
 h - 4 potions of cancellation
 k - 4 potions of flight
 m - 9 potions of lignification
 o - 3 potions of might
 s - 8 potions of brilliance
 t - 2 potions of invisibility
 x - 4 potions of magic
 z - 3 potions of haste
 B - 16 potions of curing
 C - 2 potions of resistance
 G - 5 potions of attraction
 H - 8 potions of ambrosia
 R - 3 potions of mutation
 T - a potion of berserk rage
Miscellaneous
 O - a lightning rod (4/4)
 W - a box of beasts (inert)


   Skills:
 - Level 17.0 Fighting
 - Level 14.0 Short Blades
 + Level 12.8 Armour
 + Level 17.0 Dodging
 - Level 19.0 Stealth


You had 18 spell levels left.
You didn't know any spells.
Your spell library was empty.

Dungeon Overview and Level Annotations

Branches:
Dungeon (15/15)            Temple (0/1) D:7            Lair (6/6) D:11
  Swamp (1/4) Lair:3       Spider (4/4) Lair:3        Slime (0/5) Lair:5
    Orc (2/2) D:10            Elf (1/3) Orc:2        Vaults (0/5) D:13
 Depths (0/5) D:15          Sewer (visited)         Volcano (visited)

Altars:
Hepliaklqana
Beogh
Jiyva

Shops:
D:4 :   Orc:2 [[!:*(*

Annotations:
Lair:5 3 runed translucent doors


Innate Abilities, Weirdness & Mutations

You are small and have problems with some larger weapons.
You are completely attuned to the shadows.


Message History

You puncture the orb spider!
The orb spider is heavily wounded.
The orb spider weaves a glowing orb of energy.
An orb of destruction comes into view.
You puncture the orb spider!
The orb spider is severely wounded.
The orb spider weaves a glowing orb of energy.
The wavering orb of destruction weakly hits you but does no damage.
You hit the orb spider.
The orb spider is almost dead.
The orb of destruction hits you!
The orb spider weaves a glowing orb of energy.
The orb spider spins a strand of pure energy.
An orb of destruction comes into view.
You puncture the orb spider!
You kill the orb spider!
Trog accepts your kill.
Unknown command.
Found 18 gold pieces.
The orb of destruction hits you but does no damage.
The orb spider weaves a glowing orb of energy.
An orb of destruction comes into view.
The orb spider pulsates with a strange energy.
The orb spider pulsates with a strange energy.
The orb spider weaves a glowing orb of energy.
An orb of destruction comes into view.
The orb spider pulsates with a strange energy.
The orb of destruction hits you!!!
* * * LOW HITPOINT WARNING * * *
The orb spider weaves a glowing orb of energy. x2 2 orbs of destruction come into view.
Okay, then.
Unknown command.
Unknown command.
You hear the faint crackling of a melting archway nearby.
The orb of destruction hits you!!
* * * LOW HITPOINT WARNING * * *
Unknown command.
You feel much better. The orb of destruction hits you!!
You die...

,,,,,,,,,,,,,,,,,,,,,^,,**
,,,,,,,,,,,,,,,,,,,,,,,,,*
,,,,*,,*,,,^,,,,*,,,,,,,,*
,,,,^,,,,,,,,,,,,,,,,,,,**
,,,,,,,,,,,,,........,^**
,,,*,,,,,,,,.........,,,***
,,,,,,,,,,,,..°°°^...,*,,,**
,,,,,,,,,,,,.°.#....^,,,,,,*
**,,,^,,,,,,○...@....,,,,,,*
*,,,,,,,,,,°s°○○....,,,,,,*
*^,,,,,,,,,°...°..^.,^,,,**
*^,,,,,,,*,.○.s°...^,,,,,,*
*,,^,,,,,,..*..s....,,,,,**
**,,,^,,,,,...........,,,,**
*,,,,,,,,,,....†......,,,,^*
*,,,,,,,,,*..........^,,^,**
*,,,,,,,,,^.....†††..#*,*,*


You could see 3 orb spiders.

Vanquished Creatures
  Bai Suzhen (Spider:3)
  Asterion (Elf:1)
  Agnes (Elf:1)
  2 ghost moths
  2 deep elf sorcerers (Elf:1)
  Nessos (D:15)
  2 deep elf demonologists (Elf:1)
  A spark wasp (Spider:2)
  2 entropy weavers
  A deep elf death mage (Elf:1)
  A fire dragon (Lair:6)
  Josephine (D:12)
  A deep elf high priest (Elf:1)
  4 boulder beetles
  4 vault guards (D:13)
  10 hydras
  A catoblepas (D:13)
  An ogre mage (D:15)
  5 centaur warriors
  A death knight (D:11)
  2 dancing weapons (Elf:1)
  A death yak (Lair:4)
  7 two-headed ogres
  2 tengu warriors (D:14)
  A vampire mage (D:15)
  5 orc high priests (Orc:2)
  3 deep elf knights (Elf:1)
  A spark wasp zombie (D:15)
  7 skeletal warriors
  An anaconda skeleton (Volcano)
  A lindwurm (Lair:6)
  3 deep elf archers (Elf:1)
  3 orc knights
  A necromancer (D:15)
  Pikel (D:8)
  3 harpies (D:15)
  9 orb spiders
  A sphinx zombie (D:15)
  10 deep elf zephyrmancers (Elf:1)
  15 wolf spiders
  10 deep elf pyromancers
  2 oklob plants (Lair:4)
  8 ugly things
  5 cyclopes
  3 manticores
  A frost giant zombie (D:15)
  Maurice (D:12)
  A moth of wrath (Spider:2)
  4 elephants (Lair:6)
  A guardian serpent (Lair:6)
  7 black mambas
  A fire giant skeleton (D:15)
  8 torpor snails
  A centaur zombie (D:11)
  A cane toad (shapeshifter) (D:11)
  12 cane toads
  6 gargoyles
  10 komodo dragons
  7 demonic crawlers
  2 rime drakes
  2 queen bees
  3 meliai (Lair:4)
  4 tyrant leeches (Lair:6)
  11 hornets
  7 trolls
  6 slime creatures (D:13)
  16 jumping spiders
  Grinder (D:4)
  11 blink frogs
  11 dream sheep
  A centaur simulacrum (D:14)
  46 redbacks
  An air elemental (Elf:1)
  3 shadows
  17 tarantellas
  2 vampires
  A flying skull (Volcano)
  2 alligator skeletons (Volcano)
  Sigmund (D:3)
  10 basilisks
  2 water elementals (Elf:1)
  14 wyverns
  52 yaks
  2 fire elementals (Elf:1)
  7 wraiths
  2 steam dragons
  7 vampire mosquitoes
  5 wargs
  22 water moccasins
  A floating eye (shapeshifter) (D:11)
  11 orc warriors
  A sky beast (D:7)
  2 ice beasts (D:7)
  A black bear (D:5)
  8 ogres
  20 wolves
  6 centaurs
  A lemure (D:8)
  A kobold brigand (D:10)
  7 bullfrogs
  2 gnoll sergeants
  A scorpion (D:2)
  A water moccasin skeleton (D:7)
  54 killer bees
  6 wights (D:8)
  4 electric eels
  2 howler monkeys
  A bullfrog zombie (D:5)
  A hound (D:4)
  35 orc priests
  2 gnoll shamans
  4 iguanas
  14 orc wizards
  3 hell rats (D:6)
  2 naga skeletons (Volcano)
  A hound skeleton (D:3)
  3 howler monkey zombies
  19 gnolls
  17 river rats
  4 adders
  A shadow imp (D:5)
  A white imp (D:7)
  2 worms
  87 orcs
  9 ball pythons
  9 endoplasms
  5 giant cockroaches
  7 hobgoblins
  6 jackals
  4 quokkas
  4 bats
  3 frilled lizards
  8 goblins
  13 kobolds
  3 rats
877 creatures vanquished.

Vanquished Creatures (collateral kills)
  A hydra (Lair:6)
  A jumping spider (Spider:1)
  3 wyverns
  A vampire mosquito (D:11)
  A killer bee (Lair:4)
  An orc priest (Orc:2)
  An orc (Orc:2)
9 creatures vanquished.

Vanquished Creatures (others)
  A deep elf zephyrmancer (Elf:1)
  2 flying skulls (Volcano)
  33 fungi
  85 plants
  4 withered plants (D:15)
125 creatures vanquished.

Grand Total: 1011 creatures vanquished

Notes
Turn   | Place    | Note
-------+----------+-------------------------------------------
     0 | D:1      | McIrco the Kobold Berserker began the quest for the Orb.
     0 | D:1      | Reached XP level 1. HP: 14/14 MP: 1/1
   449 | D:1      | Reached XP level 2. HP: 16/19 MP: 2/2
   596 | D:1      | Reached skill level 1 in Stealth
   726 | D:1      | Reached XP level 3. HP: 24/24 MP: 3/3
  1384 | D:2      | Reached ** piety under Trog
  1385 | D:2      | Reached skill level 2 in Stealth
  1444 | D:2      | Reached XP level 4. HP: 29/29 MP: 4/4
  1454 | D:2      | Reached skill level 3 in Stealth
  1952 | D:2      | Noticed a scorpion
  1956 | D:2      | Killed a scorpion
  1957 | D:2      | Reached skill level 5 in Short Blades
  1957 | D:2      | Reached skill level 4 in Stealth
  1957 | D:2      | Reached XP level 5. HP: 33/33 MP: 5/5
  2343 | D:3      | Noticed Sigmund
  2382 | D:3      | Killed Sigmund
  2383 | D:3      | Reached skill level 5 in Stealth
  2383 | D:3      | Reached XP level 6. HP: 8/38 MP: 6/6
  2523 | D:3      | Found a glowing drain.
  2554 | Sewer    | Entered a sewer
  2863 | Sewer    | Noticed a water moccasin
  2882 | Sewer    | Killed a water moccasin
  2883 | Sewer    | Reached skill level 6 in Stealth
  2883 | Sewer    | Reached XP level 7. HP: 25/44 MP: 7/7
  3583 | D:3      | Reached *** piety under Trog
  4083 | D:4      | Found Rinaj's Book Shop.
  4095 | D:4      | Noticed Grinder
  4104 | D:4      | Paralysed by Grinder for 7 turns
  4640 | D:4      | Paralysed by Grinder for 7 turns
  4655 | D:4      | Killed Grinder
  5022 | D:4      | Reached XP level 8. HP: 44/48 MP: 8/8
  5282 | D:4      | Found a hazy altar of Hepliaklqana.
  5713 | D:5      | Entered Level 5 of the Dungeon
  5785 | D:5      | Reached skill level 7 in Stealth
  5855 | D:5      | Reached skill level 5 in Fighting
  5857 | D:5      | Reached skill level 5 in Dodging
  6672 | D:6      | Reached XP level 9. HP: 31/55 MP: 7/9
  6982 | D:6      | Found the +2 ratskin cloak {*Rats rPois rN+ Str-1 Int-1
                  | Dex+1}
  6991 | D:6      | Reached skill level 8 in Stealth
  6993 | D:6      | Reached **** piety under Trog
  7574 | D:7      | Noticed a komodo dragon
  7582 | D:7      | Killed a komodo dragon
  7585 | D:7      | Reached skill level 9 in Stealth
  7623 | D:7      | Noticed a troll
  7636 | D:7      | Killed a troll
  7637 | D:7      | Reached skill level 10 in Short Blades
  7955 | D:7      | Found a staircase to the Ecumenical Temple.
  8161 | D:7      | You fall into a shaft and drop 2 floors!
  8163 | D:9      | Noticed a deep elf pyromancer
  8175 | D:9      | Killed a deep elf pyromancer
  8176 | D:9      | Reached skill level 10 in Stealth
  8176 | D:9      | Reached XP level 10. HP: 61/61 MP: 10/10
  8473 | D:8      | Reached skill level 11 in Stealth
  9084 | D:8      | Noticed Pikel
  9095 | D:8      | Killed Pikel
  9193 | D:8      | Reached ***** piety under Trog
  9871 | D:9      | Reached XP level 11. HP: 68/68 MP: 11/11
  9872 | D:9      | Reached skill level 12 in Stealth
 10221 | D:9      | Noticed a centaur warrior
 10225 | D:9      | Killed a centaur warrior
 10226 | D:9      | Reached skill level 13 in Stealth
 10664 | D:10     | Entered Level 10 of the Dungeon
 11093 | D:10     | Reached skill level 14 in Stealth
 11373 | D:10     | Noticed a two-headed ogre
 11378 | D:10     | Killed a two-headed ogre
 11469 | D:10     | Noticed a two-headed ogre
 11479 | D:10     | Killed a two-headed ogre
 11480 | D:10     | Reached XP level 12. HP: 60/75 MP: 8/12
 11643 | D:10     | Found a staircase to the Orcish Mines.
 12011 | D:11     | Found a staircase to the Lair.
 12201 | D:11     | Noticed a boulder beetle
 12205 | D:11     | Killed a boulder beetle
 12234 | D:11     | Reached skill level 15 in Stealth
 12245 | D:11     | Noticed a death knight
 12250 | D:11     | Noticed a shock serpent
 12256 | D:11     | a shock serpent changed into a floating eye
 12266 | D:11     | Noticed a seven-headed hydra
 12275 | D:11     | Killed a seven-headed hydra
 12316 | D:11     | Noticed a boulder beetle
 12342 | D:11     | Killed a boulder beetle
 12343 | D:11     | Reached skill level 10 in Fighting
 12860 | D:11     | Killed a death knight
 12864 | D:11     | Identified the +7 rapier of the End of Times {vorpal, Str+4
                  | Int+7 Dex+4}
 13293 | D:11     | Reached XP level 13. HP: 69/84 MP: 10/13
 13441 | D:12     | Reached skill level 16 in Stealth
 13526 | D:12     | Reached skill level 10 in Dodging
 14071 | D:12     | Received a gift from Trog
 14154 | D:12     | Noticed Maurice
 14173 | D:12     | Noticed Josephine
 14199 | D:12     | Killed Josephine
 14209 | D:12     | Killed Maurice
 14783 | D:13     | Noticed a boulder beetle
 14799 | D:13     | Killed a boulder beetle
 15074 | D:13     | Noticed a catoblepas
 15074 | D:13     | Noticed a vault guard
 15075 | D:13     | Found a gate to the Vaults.
 15075 | D:13     | Noticed a vault guard
 15075 | D:13     | Noticed a vault guard
 15076 | D:13     | Noticed a vault guard
 15077 | D:13     | Killed a catoblepas
 15078 | D:13     | Reached skill level 17 in Stealth
 15081 | D:13     | Noticed a seven-headed hydra
 15132 | D:13     | Killed a vault guard
 15141 | D:13     | Killed a vault guard
 15144 | D:13     | Killed a seven-headed hydra
 15672 | D:13     | Killed a vault guard
 15942 | D:13     | Killed a vault guard
 16293 | D:13     | Reached XP level 14. HP: 92/92 MP: 14/14
 17369 | D:14     | Reached skill level 18 in Stealth
 17761 | D:15     | Entered Level 15 of the Dungeon
 17894 | D:15     | Noticed Nessos
 17898 | D:15     | Killed Nessos
 18122 | D:15     | Found a staircase to the Depths.
 18723 | D:15     | Reached skill level 19 in Stealth
 19012 | D:15     | Reached XP level 15. HP: 100/100 MP: 15/15
 19657 | Lair:1   | Entered Level 1 of the Lair of Beasts
 20119 | Lair:1   | Received a gift from Trog
 21776 | Lair:3   | Found a staircase to the Swamp.
 21829 | Lair:3   | Found a hole to the Spider Nest.
 23316 | Lair:4   | Reached skill level 15 in Fighting
 23412 | Lair:4   | Reached ****** piety under Trog
 23574 | Lair:4   | Received a gift from Trog
 23907 | Lair:4   | Reached skill level 15 in Dodging
 24892 | Lair:5   | Found a runed translucent gate.
 24897 | Lair:5   | Found a runed translucent gate.
 24932 | Lair:5   | Found a runed translucent gate.
 25100 | Lair:5   | Found a viscous altar of Jiyva.
 25101 | Lair:5   | Found a staircase to the Slime Pits.
 25249 | Lair:5   | You fall into a shaft and drop 1 floor!
 25249 | Lair:6   | Entered Level 6 of the Lair of Beasts
 25480 | Lair:6   | Found a dark tunnel.
 25599 | Volcano  | Entered a volcano
 25750 | Volcano  | Received a gift from Trog
 25759 | Volcano  | Reached XP level 16. HP: 109/109 MP: 16/16
 26962 | Lair:6   | Found a runed translucent door.
 27491 | Lair:6   | Identified a scroll of acquirement
 27755 | Lair:6   | Identified the +4 dagger "Ozoanem" {vorpal, rC+ SInv} (Trog
                  | gifted it to you on level 6 of the Lair of Beasts)
 27755 | Lair:6   | Received a gift from Trog
 28595 | Orc:1    | Entered Level 1 of the Orcish Mines
 28638 | Orc:1    | Reached skill level 5 in Armour
 28783 | Orc:2    | Entered Level 2 of the Orcish Mines
 28783 | Orc:2    | Found a staircase to the Elven Halls.
 29179 | Orc:2    | Received a gift from Trog
 29390 | Orc:2    | Found Cigeis's Armour Emporium.
 29474 | Orc:2    | Found Qaucuv's Book Emporium.
 29564 | Orc:2    | Found Zagiz's General Store.
 29604 | Orc:2    | Bought a potion of curing for 48 gold pieces
 29615 | Orc:2    | Found Kitaph's Weapon Emporium.
 29634 | Orc:2    | Found Nofrepn's General Store.
 29639 | Orc:2    | Bought a scroll of teleportation for 45 gold pieces
 30016 | Orc:2    | Found Tiecaed's Distillery.
 30021 | Orc:2    | Bought a potion of curing for 36 gold pieces
 30021 | Orc:2    | Bought 2 potions of curing for 72 gold pieces
 30021 | Orc:2    | Bought a potion of heal wounds for 60 gold pieces
 30021 | Orc:2    | Bought a potion of heal wounds for 60 gold pieces
 30021 | Orc:2    | Bought a potion of curing for 36 gold pieces
 30168 | Orc:2    | Found Himug's Armour Shop.
 30248 | Orc:2    | Reached XP level 17. HP: 117/117 MP: 17/17
 30266 | Orc:2    | Bought the +15 plate armour of Undesirable Species {rF++
                  | Will+ Dex-2} for 1743 gold pieces
 30305 | Elf:1    | Entered Level 1 of the Elven Halls
 30497 | Elf:1    | Noticed Asterion
 30520 | Elf:1    | Killed Asterion
 30521 | Elf:1    | Reached XP level 18. HP: 123/123 MP: 18/18
 30820 | Elf:1    | Received a gift from Trog
 30844 | Elf:1    | Noticed Agnes
 30848 | Elf:1    | Killed Agnes
 31439 | Elf:1    | Paralysed by an air elemental for 1 turns
 31734 | Elf:1    | Reached skill level 10 in Armour
 31764 | Elf:1    | Noticed an Executioner
 32425 | Swamp:1  | Entered Level 1 of the Swamp
 32448 | Spider:1 | Entered Level 1 of the Spider Nest
 32581 | Spider:1 | Identified the +3 helmet "Kito" {rF+ Int+3}
 33763 | Spider:2 | Received a gift from Trog
 35455 | Spider:3 | Noticed Bai Suzhen
 35492 | Spider:3 | Killed Bai Suzhen
 35493 | Spider:3 | Reached XP level 19. HP: 128/128 MP: 19/19
 36632 | Spider:4 | Entered Level 4 of the Spider Nest
 36685 | Spider:4 | Received a gift from Trog
 36725 | Spider:4 | HP: 2/128 [disintegration (34)]
 36726 | Spider:4 | Blown up by an orb spider

Illustrated notes

Levels and vault maps discovered:
D:1:      lemuel_arrival_cross, layout_loops_corners, amethyst_killhole
D:2:      cheibrodos_pilgrimage, layout_rooms
D:3:      layout_loops_ring, gup_sewer_entry_pipe, corexii_hall_statues_i,
          uniq_sigmund
D:4:      layout_cave_pools, kennysheep_little_box, serial_shops,
          nicolae_stop_n_shop_2, serial_glass, glass_columns_b, glass_columns_a,
          kennysheep_crisscross, uniq_grinder
D:5:      layout_rooms
D:6:      wander_guarded_unrand_ratskin, layout_basic, minivault_26
D:7:      layout_basic, minmay_temple_entry_statues_fountains
D:8:      layout_loops_ring, palyth_stone_intersect, grunt_ministairs_1,
          uniq_pikel
D:9:      layout_loops_ring, special_room [special_room_bee]
D:10:     layout_loops_ring, blue_anna_alchemist
D:11:     layout_layer_cave, lair_entry_dummy, minmay_door_square,
          minmay_pinched_square
D:12:     layout_roguey, chequers_serial_rivers_micro_d, hive_lemuel,
          uniq_maurice, uniq_josephine
D:13:     layout_grid_maze, lightli_vaults_fourway_checkpoint
D:14:     layout_cave_pools, minmay_misc_feat_five
D:15:     gammafunk_depths_entry_grave, layout_irregular_city,
          hangedman_decor_slide_cut, serial_column_ruins, column_ruins_hut,
          column_ruins_hut_ruined, column_ruins_open_tiny,
          column_ruins_columns_T, column_ruins_open_medium, column_ruins_grid_3,
          column_ruins_corridor_dead_end, uniq_nessos
Lair:1:   layout_regular_city, lemuel_fruit_tree
Lair:2:   layout_loops_ring, grunt_megastairs_4
Lair:3:   layout_cave_pods, swamp_mist, spider_nest_entry_rubble
Lair:4:   regret_index_harrowing_hell_hive, layout_gridlike,
          serial_bayou_shore_a, infiniplex_staircase_pool
Lair:5:   layout_cave_pods, slime_altar_1, gammafunk_ghost_split
Lair:6:   hangedman_lair_tendril_chambers, layout_regular_city, wormcave,
          lightli_volcano_entry_magma_tube
Swamp:1:  layout_falls_marsh, nicolae_swamp_ascending_descending_big
Spider:1: layout_spider_delve
Spider:2: layout_spider_delve
Spider:3: layout_chambers, hangedman_spider_tarantella_strand, uniq_bai_suzhen
Spider:4: spider_rune_water, portal_ice_cave_entry_ice_statue_one
Orc:1:    layout_caves, basic_altar
Orc:2:    st_orc_town, layout_caves, serial_shops, shop,
          nicolae_shop_statue_plus, shop, mines2_david
Elf:1:    eino_elf_arrival_the_gate, layout_geoelf_diagonals,
          hangedman_elf_represent, uniq_asterion, uniq_agnes

Skill      XL: |  1  2  3  4  5  6  7  8  9 10 11 12 13 14 15 16 17 18 |
---------------+-------------------------------------------------------+-----
Stealth        | 1 2 4 5 6 7 10 11 14 15 17 19 | 19.0
Fighting       | 4 5 6 7 8 10 12 14 15 17 | 17.0
Short Blades   | 5 6 7 8 10 12 13 14 | 14.0
Dodging        | 3 4 6 7 8 9 11 13 15 16 17 | 17.0
Armour         | 2 3 7 8 12 | 12.8

Action                   |  1- 3 |  4- 6 |  7- 9 | 10-12 | 13-15 | 16-18 | 19-21 || total
-------------------------+-------+-------+-------+-------+-------+-------+-------++-------
Melee: Short sword       |    77 |   119 |   193 |       |       |       |       ||   389
       Rapier            |       |       |   159 |   386 |   990 |  1202 |   122 ||  2859
Invok: Berserk           |     2 |     3 |    10 |    15 |    22 |     7 |     1 ||    60
Evoke: Wand              |       |       |       |     7 |     1 |       |       ||     8
       Lightning rod     |       |       |       |       |     4 |     2 |       ||     6
       Box of beasts     |       |       |       |       |       |     1 |       ||     1
  Use: Scroll            |       |     6 |     1 |       |    21 |     5 |     1 ||    34
       Potion            |       |     1 |       |       |     1 |     1 |     1 ||     4
 Stab: Sleeping          |    10 |    10 |    23 |    28 |    54 |    38 |       ||   163
       Distracted        |       |       |     2 |     2 |     7 |    12 |     1 ||    24
       Paralysed         |       |       |       |     1 |       |       |       ||     1
       Held in net/web   |       |       |       |       |       |     1 |       ||     1
Armor: Animal skin       |    16 |    18 |    48 |       |       |       |       ||    82
       Troll leather arm |       |       |     2 |    11 |       |       |       ||    13
       Steam dragon scal |       |       |       |    37 |   167 |    17 |       ||   221
       Chain mail        |       |       |       |       |       |    83 |       ||    83
       Plate armour      |       |       |       |       |       |   184 |    99 ||   283
Dodge: Dodged            |    49 |    79 |   250 |   188 |   742 |   982 |   215 ||  2505

Table legend: (Time is in decaauts)
 A = Elapsed time spent in this place.
 B = Non-inter-level travel time spent in this place.
 C = Inter-level travel time spent in this place.
 D = Time resting spent in this place.
 E = Time spent auto-exploring this place.
 F = Levels seen in this place.
 G = Mean time per level.
                   A        B        C        D        E       F      G
               +--------+--------+--------+--------+--------+-----+--------+
         Total |  35950 |  34612 |   1338 |   5058 |  24162 |  31 | 1159.7 |
       Dungeon |  18939 |  18226 |    713 |   3492 |  12192 |  15 | 1262.6 |
          Lair |   8075 |   7654 |    421 |    428 |   5954 |   6 | 1345.8 |
         Swamp |      1 |      1 |      0 |      0 |      0 |   1 |    1.0 |
   Spider Nest |   4046 |   3958 |     88 |    184 |   3218 |   4 | 1011.5 |
  Orcish Mines |   1601 |   1534 |     67 |    187 |    941 |   2 |  800.5 |
   Elven Halls |   1907 |   1860 |     47 |    444 |   1090 |   1 | 1907.0 |
         Sewer |    699 |    699 |      0 |    253 |    399 |   1 |  699.0 |
       Volcano |    679 |    679 |      0 |     69 |    367 |   1 |  679.0 |
               +--------+--------+--------+--------+--------+-----+--------+

Top non-repeatable levels by time:
  Lair:6: 2388 daAuts
    D:13: 2368 daAuts
  Lair:4: 2169 daAuts
   Elf:1: 1907 daAuts
    D:15: 1787 daAuts
     D:3: 1763 daAuts
Spider:3: 1750 daAuts
    D:11: 1704 daAuts
    D:12: 1279 daAuts
     D:4: 1254 daAuts
     D:1: 1245 daAuts
   Orc:2: 1226 daAuts
Spider:2: 1128 daAuts
     D:8: 1126 daAuts
Spider:1: 1117 daAuts
